 Dungeon Crawl Stone Soup version 0.30-a0-940-ge5077277c9 (webtiles) character file.

Game seed: 3695708960173632138

1584 Leonnitro the Geomancer (level 8, -2/41 HPs)
             Began as a Gargoyle Earth Elementalist on Mar 26, 2023.
             Was an Initiate of Sif Muna.
             Slain by a wight
             ... wielding a +4 spear of freezing
              (6 damage)
             ... on level 8 of the Dungeon.
             The game lasted 00:39:29 (6361 turns).

Leonnitro the Geomancer (GrEE)                      Turns: 6361, Time: 00:39:29

Health: -2/41      AC:  8    Str: 12    XL:     8   Next: 92%
Magic:  1/13       EV: 12    Int: 18    God:    Sif Muna [......]
Gold:   380        SH:  0    Dex: 10    Spells: 0/14 levels left

rFire   . . .      SeeInvis .    j - +2 flail (protect)
rCold   . . .      Faith    .    (no shield)
rNeg    + . .      Spirit   .    a - +0 robe
rPois   ∞          Reflect  .    (no helmet)
rElec   +          Rampage  .    (no cloak)
rCorr   .                        (no gloves)
Will    .....                    c - +0 pair of boots
Stlth   ++                       (no amulet)
HPRegen 0.26/turn                k - ring of wizardry
MPRegen 0.13/turn                (no ring)

@: no status effects
A: sickness immunity, AC +5, negative energy resistance 1, electricity
resistance, torment resistance 1, petrification resistance
a: Renounce Religion


You were on level 8 of the Dungeon.
You worshipped Sif Muna.
Sif Muna was noncommittal.
You visited 2 branches of the dungeon, and saw 9 of its levels.

You collected 380 gold pieces.

Inventory:

Hand Weapons
 j - a +2 flail of protection (weapon)
 m - a +2 spear of flaming
 w - a +4 hand axe
Armour
 a - a +0 robe (worn)
 c - a +0 pair of boots (worn)
 u - a +0 chain mail of fire resistance
Jewellery
 k - a ring of wizardry (left hand)
 p - a ring of protection from fire
 t - a ring of resist corrosion
Wands
 e - a wand of iceblast (7)
Scrolls
 d - 2 scrolls of teleportation
 n - a scroll of summoning
 r - a scroll of blinking {unknown}
 v - 2 scrolls of identify
 x - a scroll of silence {unknown}
Potions
 b - 2 potions of magic
 f - 2 potions of haste
 g - a potion of might
 h - 2 potions of curing
 i - a potion of ambrosia {unknown}
 l - 3 potions of heal wounds
 o - 2 potions of berserk rage
 q - 3 potions of brilliance {unknown}
 s - 3 potions of flight {unknown}


   Skills:
 - Level 3.3 Dodging
 - Level 4.5 Stealth
 - Level 3.7 Spellcasting
 - Level 3.7 Conjurations
 + Level 0.7 Necromancy
 + Level 3.5 Transmutations
 - Level 9.0 Earth Magic


You couldn't memorise any spells.
You knew the following spells:

 Your Spells              Type           Power      Damage    Failure   Level
a - Sandblast             Erth           70%        2d15      1%          1
b - Petrify               Tmut/Erth      25%        N/A       4%          4
c - Stone Arrow           Conj/Erth      52%        3d10      1%          3
d - Passwall              Tmut/Erth      20%        N/A       1%          2
e - Blink                 Tloc           6%         N/A       9%          2
f - Necrotise             Necr           20%        1d5       4%          1
g - Freeze                Ice            12%        1d3       6%          1

Your spell library contained the following spells:

 Spells                   Type           Power      Damage    Failure   Level
 Momentum Strike          Conj/Tloc      20%        3d8       4%          2
 Lesser Beckoning         Tloc           6%         N/A       9%          2
 Hailstorm                Conj/Ice       10%        3d5       9%          3
 Vampiric Draining        Necr           5%         2d6       14%         3
 Frozen Ramparts          Ice            6%         1d1       17%         3
 Ozocubu's Armour         Ice            3%         N/A       17%         3
 Anguish                  Hex/Necr       2%         N/A       45%         4
 Agony                    Necr           5%         N/A       75%         5
 Metabolic Englaciation   Hex/Ice        1%         N/A       82%         5
 Simulacrum               Ice/Necr       2%         N/A       100%        6
 Enfeeble                 Hex            1%         N/A       100%        7


Dungeon Overview and Level Annotations

Branches:
Dungeon (8/15)             Temple (1/1) D:5
   Lair: D:8-11

Altars:
Ashenzari
Cheibriados
Elyvilon
Fedhas
Gozag
Kikubaaqudgha
Makhleb
Nemelex Xobeh
Okawaru
Ru
Sif Muna
Trog
Uskayaw
Vehumet
Wu Jian
Zin


Innate Abilities, Weirdness & Mutations

You are immune to sickness and miasma.
Your stone body is resilient. (AC +5)
You are immune to poison.
You resist negative energy. (rN+)
You are resistant to electric shocks. (rElec)
You are resistant to unholy torment.
You are immune to petrification.


Message History

You closely miss the wight.
The wight is severely damaged.
The wight closely misses you.
The wight hits you from afar with a +4 spear of freezing!
The wight freezes you. The wight hits you but does no damage.
You barely miss the wight.
The wight is severely damaged.
The wight barely misses you. The wight completely misses you.
The wight barely misses you.
You closely miss the wight.
The wight is severely damaged.
The wight hits you from afar with a +4 spear of freezing.
The wight freezes you. The wight closely misses you.
The wight completely misses you.
The wight hits you from afar with a +4 spear of freezing.
The wight freezes you. The wight hits you but does no damage.
The wight completely misses you. The wight attacks as you move away!
The wight hits you with a +0 falchion. The wight attacks as you move away!
The wight closely misses you. The wight attacks as you move away!
The wight barely misses you. The wight attacks as you move away!
The wight closely misses you.
Okay, then.
Aiming: Stone Arrow (safe; 1% risk of failure)
Press: ? - help, Q - select action, (/) - cycle Shift-Dir - straight line, f - wight
Aim: a wight, wielding a +0 falchion and wearing a +0 robe (severely damaged, 71% to hit)
The stone arrow hits the wight!
You destroy the wight!
Sif Muna accepts your kill. The wight hits you but does no damage.
The wight attacks as you move away! The wight barely misses you.
The wight hits you with a +0 hand axe. The wight attacks as you move away!
The wight hits you with a +4 falchion.
* * * LOW HITPOINT WARNING * * *
The wight barely misses you. The wight misses you.
The wight attacks as you move away! The wight hits you with a +4 falchion!
* * * LOW HITPOINT WARNING * * *
The wight closely misses you. The wight attacks as you move away!
The wight closely misses you.
The wight hits you from afar with a +4 spear of freezing.
You die...

#....# #....#
######....#
#.........#
#.........#
#........)#
#..zz.z...#
#.........+
#....@[...#
######)...#
#<)..#####
+....'...#
#....#..z....
#....#.......
#....'...##'#
#....#...# .
#....#...#


You could see 3 wights.

Vanquished Creatures
  Edmund (D:6)
  A water moccasin (D:6)
  A sky beast (D:7)
  An ice beast (D:6)
  An ogre (D:2)
  2 bullfrogs
  3 scorpions
  Blork the orc (D:5)
  A wight (D:8)
  A jelly (D:7)
  2 howler monkeys (D:6)
  4 hounds
  An orc priest (D:3)
  Jessica (D:3)
  An iguana (D:5)
  A sleepcap (D:6)
  8 adders
  15 gnolls
  3 white imps
  2 worms
  2 dart slugs (D:3)
  11 orcs
  6 bats
  4 endoplasms
  4 giant cockroaches
  9 hobgoblins
  5 jackals
  9 kobolds
  7 quokkas
  8 ball pythons
  3 frilled lizards
  3 goblins
  9 rats
131 creatures vanquished.

Vanquished Creatures (others)
  A fungus (D:1)
  3 toadstools (D:1)
4 creatures vanquished.

Grand Total: 135 creatures vanquished

Notes
Turn   | Place    | Note
-------+----------+-------------------------------------------
     0 | D:1      | Leonnitro the Gargoyle Earth Elementalist began the quest
                  | for the Orb.
     0 | D:1      | Reached XP level 1. HP: 10/10 MP: 3/3
   257 | D:1      | Reached skill level 1 in Transmutations
   257 | D:1      | Reached XP level 2. HP: 14/15 MP: 0/5
   352 | D:1      | Learned a level 2 spell: Passwall
  1057 | D:1      | Reached XP level 3. HP: 19/19 MP: 2/6
  1420 | D:2      | Reached skill level 4 in Earth Magic
  1457 | D:2      | Learned a level 3 spell: Stone Arrow
  1517 | D:2      | Noticed an ogre
  1526 | D:2      | Killed an ogre
  1527 | D:2      | Reached XP level 4. HP: 24/24 MP: 1/7
  1617 | D:2      | Reached XP level 5. HP: 28/28 MP: 4/9
  2201 | D:3      | Noticed Jessica
  2203 | D:3      | Killed Jessica
  2287 | D:3      | Reached skill level 1 in Conjurations
  2289 | D:3      | Reached XP level 6. HP: 25/32 MP: 7/10
  2467 | D:3      | Reached skill level 5 in Earth Magic
  3094 | D:3      | Found a hide-covered altar of Uskayaw.
  3095 | D:3      | Found a broken altar of Ashenzari.
  3411 | D:4      | Found a blossoming altar of Fedhas.
  3620 | D:4      | Reached XP level 7. HP: 30/36 MP: 8/12
  3741 | D:4      | Found a burning altar of Makhleb.
  3759 | D:4      | Found an opulent altar of Gozag.
  3763 | D:4      | Reached skill level 6 in Earth Magic
  3766 | D:4      | Found a glowing silver altar of Zin.
  3798 | D:5      | Entered Level 5 of the Dungeon
  4025 | D:5      | Noticed Blork the orc
  4030 | D:5      | Killed Blork the orc
  4445 | D:5      | Learned a level 4 spell: Petrify
  4485 | D:5      | Identified the +6 short sword of Tienwem {venom, rN+ Str-3
                  | Dex+4}
  4656 | D:5      | Found a staircase to the Ecumenical Temple.
  4723 | Temple   | Entered the Ecumenical Temple
  4950 | Temple   | Became a worshipper of Sif Muna the Loreminder
  5119 | D:6      | Noticed Edmund
  5132 | D:6      | Killed Edmund
  5133 | D:6      | Reached skill level 7 in Earth Magic
  5133 | D:6      | Reached XP level 8. HP: 41/41 MP: 0/13
  5235 | D:6      | Found a blossoming altar of Fedhas.
  5495 | D:6      | Reached skill level 8 in Earth Magic
  5755 | D:6      | Found an ornate altar of the Wu Jian Council.
  5840 | D:6      | Learned a level 2 spell: Passwall
  5939 | D:6      | Learned a level 2 spell: Blink
  6116 | D:7      | Reached skill level 9 in Earth Magic
  6136 | D:7      | Found a radiant altar of Vehumet.
  6151 | D:7      | Learned a level 1 spell: Necrotise
  6334 | D:8      | Learned a level 1 spell: Freeze
  6361 | D:8      | Slain by a wight

Illustrated notes

Levels and vault maps discovered:
D:1:      dpeg_arrival_three_smaller_balls, layout_loops_ring,
          minmay_gold_behind_fungi, chequers_serial_rivers_large_a
D:2:      layout_basic
D:3:      minmay_bubble_buster, layout_basic, gammafunk_temple_overflow_statue,
          minmay_misc_feat_chi, uniq_jessica
D:4:      minmay_chambers_of_twos, layout_cave_pools,
          grunt_temple_overflow_gold_and_silver, overflow_temple_1_default,
          kennysheep_diamond
D:5:      layout_loops_ring, minmay_temple_entry_mist, uniq_blork_the_orc
D:6:      layout_rooms, nicolae_wu_jian_glorious_leap,
          mainiacjoe_overflow_brackets, minmay_manual_moon, uniq_edmund
D:7:      layout_basic, mainiacjoe_overflow_alcove_1
D:8:      layout_gridville, special_room [special_room_orc]
Temple:   nicolae_temple_bog_church

Skill      XL: |  1  2  3  4  5  6  7  8 |
---------------+-------------------------+-----
Transmutations | 1 2 3 |  3.5
Earth Magic    | 4 5 7 9 |  9.0
Dodging        | 2 3 |  3.3
Stealth        | 3 4 |  4.5
Spellcasting   | 3 |  3.7
Conjurations   | 1 2 3 |  3.7
Necromancy     | |  0.7

Action                     |  1- 3 |  4- 6 |  7- 9 || total
---------------------------+-------+-------+-------++-------
  Melee: Unarmed           |    18 |       |       ||    18
         Spear             |       |    22 |     1 ||    23
         Flail             |       |       |    30 ||    30
   Cast: Sandblast         |    41 |    81 |    34 ||   156
         Passwall          |     4 |       |     2 ||     6
         Stone Arrow       |       |       |    40 ||    40
         Necrotise         |       |       |     6 ||     6
         Petrify           |       |       |     3 ||     3
         Blink             |       |       |     1 ||     1
    Use: Scroll            |       |    10 |     5 ||    15
         Potion            |       |       |     2 ||     2
 Armour: Robe              |    39 |    24 |    39 ||   102
  Dodge: Dodged            |    56 |    32 |    73 ||   161

Table legend: (Time is in decaauts)
 A = Elapsed time spent in this place.
 B = Non-inter-level travel time spent in this place.
 C = Inter-level travel time spent in this place.
 D = Time resting spent in this place.
 E = Time spent auto-exploring this place.
 F = Levels seen in this place.
 G = Mean time per level.
                   A        B        C        D        E       F      G
               +--------+--------+--------+--------+--------+-----+--------+
         Total |   6485 |   6485 |      0 |   1499 |   2402 |   9 |  720.6 |
       Dungeon |   6216 |   6216 |      0 |   1499 |   2263 |   8 |  777.0 |
        Temple |    268 |    268 |      0 |      0 |    139 |   1 |  268.0 |
               +--------+--------+--------+--------+--------+-----+--------+

Top non-repeatable levels by time:
     D:1: 1446 daAuts
     D:3: 1155 daAuts
     D:5: 1056 daAuts
     D:6: 888 daAuts
     D:2: 800 daAuts
     D:4: 479 daAuts
  Temple: 268 daAuts
     D:7: 265 daAuts
     D:8: 123 daAuts
